[Event "Reykjavik Open 2024"]
[Site "Reykjavik"]
[Date "2024.03.16"]
[Round "3.33"]
[White "Fernandez, Daniel Howard"]
[Black "Soderstrom, Adrian"]
[Result "0-1"]
[ECO "D45"]
[WhiteElo "2532"]
[BlackElo "2288"]
[Annotator "TA"]
[PlyCount "176"]
[EventDate "2024.03.12"]
[EventCountry "ISL"]
[SourceTitle "playchess.com"]
[Source "ChessBase"]
[SourceQuality "1"]
[TimeControl "40/5400+30:1800+30"]

1. Nf3 d5 2. e3 Nf6 3. c4 e6 4. Nc3 c6 5. b3 Bd6 6. Bb2 O-O 7. d4 Nbd7 8. Qc2 e5 9. cxd5 cxd5 10. dxe5 Nxe5 11. Be2 Nxf3+ $1 12. Bxf3 {[%emt 0:00:02][%cal Oe1g1] [#]} d4 $1 13. exd4 (13. Ne4 Bb4+) 13... Re8+ {[%emt 0:00:33] Die Stellung ist ausgeglichen.} 14. Kf1 Qa5 {[%emt 0:11:26][%mdl 1024] Schwarz hat Kompensation.} 15. h3 Bf5 16. Qd2 Rac8 $36 {[%emt 0:02:37][%mdl 2048] Schwarz steht aktiver.} 17. g4 (17. a3 $15) 17... Bb4 $1 $17 {[%emt 0:03:20] Schwarz steht deutlich aktiver.} 18. gxf5 Rxc3 (18... Bxc3 19. Bxc3 Qxc3 (19... Rxc3 20. Kg2 $16) 20. Qxc3 Rxc3 21. Kg2 $11) 19. Bxc3 Bxc3 20. Qd1 Bxa1 (20... Re1+ 21. Qxe1 Bxe1 22. Rxe1 $15) (20... Qxf5 {sieht schärfer aus.} 21. Rc1 Re1+ 22. Qxe1 Bxe1 23. Kxe1 g6) 21. Qxa1 Qxf5 22. Qd1 (22. Qc3 $17) 22... Ne4 $19 23. Bxe4 Rxe4 {[%emt 0:00:18][%mdl 4096] Endspiel. KQR-KQR} (23... Qxe4 24. Rg1) 24. Kg2 Qg5+ 25. Kh2 Qf4+ 26. Kg2 Rxd4 27. Re1 g6 (27... Qg5+ 28. Kh2 Qf4+ (28... Rxd1 29. Re8#) 29. Kg2 $15) 28. Qa1 Qg5+ 29. Kf1 Qb5+ 30. Kg1 Qg5+ (30... Qd5 $17 31. Re8+ Kg7) 31. Kf1 Qd5 32. Kg1 {[%emt 0:00:30] Pariert Qh1+.} h5 33. Qc3 Qd7 34. Qe3 Kh7 35. Qe7 Rd1 (35... Qxh3 $2 36. Qxf7+ Kh6 37. Qf8+ (37. Qxb7 $2 Rg4+) 37... Kg5 38. Qc5+ Kh6 39. Qxd4 $18) 36. Kh2 Rd2 37. Qxd7 Rxd7 $17 {[%emt 0:00:02] KR-KR} 38. Kg3 Kg7 39. h4 Kf6 40. Rc1 Ke6 41. f3 b6 42. a4 (42. Rc8 $17 {ist eine bessere Verteidigung.}) 42... f6 43. Rc6+ Ke5 44. a5 $2 (44. b4 $17) 44... bxa5 $19 45. Ra6 Rd5 46. Rxa7 Kd4 47. Ra6 Kc3 48. Rb6 Rf5 49. Rb7 Kb2 50. Rb6 Ka3 51. Rb7 g5 52. Rb8 gxh4+ 53. Kh2 Kb2 (53... Rxf3 54. Rb5 $15) 54. Rb7 Kc3 (54... Rxf3 55. Rb5 $15) (54... Re5 $19 {und Schwarz behält klar die Oberhand. Und ...f5 würde nun gewinnen.} 55. Kh3 f5 56. Kxh4 f4) 55. Rb6 $17 Kc2 {[%emt 0:03:21][%cal Of5d5] ...Rd5! wäre nun fies.} (55... Rxf3 56. Rb5 $17) 56. Rb7 $2 (56. f4 $17 {ist wohl besser.}) 56... h3 (56... Rxf3 57. Rb5 $15) (56... Rg5 $19 {...Rd5 ist eine echte Drohung.} 57. Kh3 Rd5) 57. Rb6 Rxf3 58. Rb5 Rxb3 (58... Kb2 $17) 59. Rxa5 $11 Rf3 {[%emt 0:00:20] Droht stark ...f5.} (59... Kd3 $5) 60. Rxh5 Kd3 61. Ra5 (61. Rh4 $1 $15) 61... Ke4 $17 62. Ra4+ Kf5 63. Rb4 Kg5 64. Ra4 f5 65. Rb4 (65. Ra8 $17 {war nötig.}) 65... Re3 $19 66. Ra4 f4 67. Ra8 Kg4 68. Rg8+ Kf3 69. Ra8 $2 (69. Rf8 $19) 69... Re7 $2 (69... Kf2 70. Ra1 Re1 71. Ra6 f3 72. Kxh3 Kg1 73. Rg6+ Kf1 74. Kg3 f2 75. Kf3 Rb1 76. Rf6 Rb3+ 77. Ke4 Ke2 78. Rf8 Re3+ (78... f1=R $2 79. Rh8 $19) 79. Kd4 Rf3 (79... f1=R 80. Rxf1 Kxf1 81. Kxe3 $11) (79... Re7 $2 80. Kc5 $19) 80. Re8+ Kd2 81. Ra8 Rd3+ (81... f1=R $2 82. Rh8 $19) 82. Ke4 f1=Q (82... f1=B 83. Ra2+ Kc1 84. Ra1+ Kb2 85. Rxf1 $11) 83. Ra2+ Kc3 84. Ra3+ Kc4 85. Rxd3 Qxd3+ 86. Ke5 Qf3 87. Ke6 Qf4 88. Kd7 Kd5 89. Ke7 Qg5+ 90. Kf7 Kd6 91. Kf8 Ke6 92. Ke8 Qg8#) 70. Ra6 Kf2 $2 (70... Re5 $19 {Zielt auf ...Re1 ab.} 71. Ra8 Re6) 71. Kxh3 $11 f3 72. Ra2+ $1 Re2 (72... Kf1 $5 73. Kg3 $8 Re3 74. Rf2+ Kg1 $11) 73. Ra1 Rd2 74. Kh2 $1 Rd8 75. Ra2+ Ke3 76. Ra3+ Rd3 77. Ra1 $1 Rd7 78. Ra3+ Ke2 79. Ra2+ Rd2 80. Ra1 Kf2 (80... Rd1 $5 81. Ra2+ $8 Ke3 82. Ra3+ Ke2 $11) 81. Rc1 Rd8 (81... Rd6 $5 82. Rc2+ $8 Ke1 $11) 82. Rc2+ Ke3 {[%emt 0:00:08] ( -> ...Rd2+)} (82... Ke1 $5 83. Kg3 $8 f2 84. Rc1+ Ke2 85. Rc2+ Ke3 $11) 83. Rc3+ $2 (83. Kg3 $11) 83... Ke2 $1 84. Rc2+ Rd2 85. Rc1 Rd1 $1 86. Rc2+ {[%emt 0:09:44] [#]} Kf1 $2 (86... Kd3 $1 {setzt Matt} 87. Rc8 f2 88. Rd8+ Kc2 (88... Ke2 {führt zum Matt.} 89. Re8+ Kd2 90. Rd8+ Kc2 91. Rc8+ Kb3 92. Rb8+ Kc4 93. Rc8+ Kb5 94. Rb8+ Kc6 95. Rc8+ Kd7 96. Rf8 f1=Q 97. Rxf1 Rxf1 98. Kg3 Ke6 99. Kg4 Ke5 100. Kg3 Kf5 101. Kg2 Rf4 102. Kh3 Rf3+ 103. Kh2 Kg4 104. Kg2 Rf8 105. Kh1 Kh3 106. Kg1 Kg3 107. Kh1 Rf1#) 89. Rc8+ Kb3 90. Rb8+ Kc4 91. Rc8+ Kb5 (91... Kd3 92. Rd8+ Kc2 93. Rc8+ Kb3 94. Rb8+ Kc4 95. Rc8+ Kb5 96. Rf8 f1=Q 97. Rxf1 Rxf1 98. Kg3 Kc4 99. Kg2 Rf8 100. Kg3 Kd5 101. Kg4 Ke5 102. Kg3 Ke4 103. Kg4 Rg8+ 104. Kh5 Kf5 105. Kh4 Rg6 106. Kh3 Kf4 107. Kh2 Kf3 108. Kh1 Kf2 109. Kh2 Rh6#) 92. Rf8 f1=Q (92... f1=R 93. Rc8 $19) 93. Rxf1 Rxf1 94. Kg3 Kc5 95. Kh2 Kd5 96. Kg3 Ke4 97. Kg4 Rg1+ 98. Kh4 Kf5 99. Kh3 Kf4 100. Kh2 Rg3 101. Kh1 Kf3 102. Kh2 Kf2 103. Kh1 Rh3#) 87. Rc1 $2 Ke2 88. Rc2+ {[%emt 0:00:14] [#]} Kd3 $1 {[%emt 0:00:12] Gewichteter Fehlerwert: Weiß=0.20 (präzise) /Schwarz=0.21 (präzise) .  Verlustzug:     	Weiß=3     	---        Gewinn verpasst:   	---       	Schwarz=2     Fehler:       	Weiß=6     	Schwarz=3     Ungenau:       	---       	Schwarz=1     OK:         	Weiß=25    	Schwarz=32    Bester:       	Weiß=11    	Schwarz=2     Stark:        	Weiß=3     	Schwarz=2     Brilliant:      	---       	Schwarz=1} 0-1

[Event "Reykjavik Open 2024"]
[Site "Reykjavik"]
[Date "2024.03.16"]
[Round "3.34"]
[White "Yilmazyerli, Mert"]
[Black "Manish Anto Cristiano F"]
[Result "1/2-1/2"]
[ECO "D45"]
[WhiteElo "2526"]
[BlackElo "2286"]
[Annotator "TA"]
[PlyCount "48"]
[EventDate "2024.03.12"]
[EventCountry "ISL"]
[SourceTitle "playchess.com"]
[Source "ChessBase"]
[SourceQuality "1"]
[TimeControl "40/5400+30:1800+30"]

1. Nf3 Nf6 2. c4 e6 3. Nc3 d5 4. d4 c6 5. e3 Nbd7 6. Qc2 Bd6 7. Be2 O-O 8. b3 e5 9. cxd5 cxd5 10. Nb5 Bb4+ 11. Bd2 Bxd2+ 12. Nxd2 a6 13. dxe5 Nxe5 14. Nd4 Bg4 15. Bxg4 Nfxg4 16. O-O Rc8 17. Qd1 g6 18. N2f3 Qd6 19. Nxe5 Nxe5 20. Qd2 Rc7 21. Rac1 Rfc8 22. h3 Rxc1 {[%emt 0:01:21] Die Stellung ist ausgeglichen.} 23. Rxc1 Rxc1+ 24. Qxc1 Nc6 {[%emt 0:01:00] Gewichteter Fehlerwert: Weiß=0.06 (makellos) /Schwarz=0.07 (makellos) .  Ungenau:       	Weiß=1     	---        OK:         	Weiß=4     	Schwarz=3     Bester:       	---       	Schwarz=1} 1/2-1/2

[Event "Reykjavik Open 2024"]
[Site "Reykjavik"]
[Date "2024.03.16"]
[Round "3.35"]
[White "Unzicker, Ferdinand"]
[Black "Krzyzanowski, Marcin"]
[Result "0-1"]
[ECO "A29"]
[WhiteElo "2284"]
[BlackElo "2524"]
[Annotator "TA"]
[PlyCount "100"]
[EventDate "2024.03.12"]
[EventCountry "ISL"]
[SourceTitle "playchess.com"]
[Source "ChessBase"]
[SourceQuality "1"]
[TimeControl "40/5400+30:1800+30"]

1. c4 e5 2. g3 Nf6 3. Bg2 d5 4. cxd5 Nxd5 5. Nc3 Nb6 6. Nf3 Nc6 7. O-O Be7 8. d3 O-O 9. Be3 Re8 10. Rc1 Bf8 11. d4 exd4 12. Nxd4 Nxd4 13. Bxd4 {[%emt 0:00:36] The position is equal.} c6 14. b3 Bg4 15. f3 Be6 16. e4 Ba3 17. Rc2 Qe7 18. Qa1 Bc5 19. Ne2 Bxd4+ 20. Nxd4 a5 21. Qc3 Qb4 22. Nxe6 Qxc3 23. Rxc3 fxe6 24. Rd1 Red8 25. Rcd3 Rxd3 26. Rxd3 $11 {[%emt 0:00:06][%mdl 4096] Endgame. KRB-KRN} a4 27. b4 Kf7 28. Kf2 Ke7 29. Bf1 Nd7 30. Rc3 a3 31. Ke3 Ra4 32. Rb3 c5 {[%emt 0:06:36] [#]} (32... g5 $11) 33. bxc5 $1 $16 (33. Bb5 Rxb4 34. Rxb4 cxb4 $19) 33... Nxc5 34. Rb5 Kd6 {[%emt 0:00:47] [#]} 35. e5+ $1 Kc6 (35... Kd5 36. f4) 36. Rb1 Ra5 {[%emt 0:00:35] Prevents Bb5+.} 37. f4 b5 38. Kd4 Kb6 39. Kc3 g6 40. Be2 Ne4+ 41. Kc2 Nc5 (41... Kc5 $11) 42. Rb4 (42. Bc4 $14) 42... Na6 $1 $11 43. Rd4 Kc5 44. Rd6 Nb4+ 45. Kb1 Nd5 46. Kc2 {[%emt 0:00:00][%mdl 8192] [#] Repels Nc3. Loses the game.} (46. Bg4 $1 $11 {and White stays safe.} Nc3+ 47. Ka1) 46... Ra4 $1 $19 ({Not} 46... Nb4+ 47. Kb1 (47. Kb3 Nc6 $15) 47... Ra6 48. Rd7 $11) 47. Bg4 $2 (47. h4) 47... Ne3+ 48. Kb3 Nxg4 49. Rxe6 Ne3 50. Re7 Rb4+ {[%emt 0:00:00] Weighted Error Value: White=0.52/Black=0.13 (very precise) .  Loses game:     	White=1     	---        Mistake:       	White=2     	Black=2      Inaccurate:     	White=3     	---        OK:         	White=12    	Black=15     Best:        	---       	Black=2      Strong:       	White=1     	Black=2} 0-1

[Event "Reykjavik Open 2024"]
[Site "Reykjavik"]
[Date "2024.03.16"]
[Round "3.36"]
[White "Gokerkan, Cem Kaan"]
[Black "Mohamed Anees M"]
[Result "1/2-1/2"]
[ECO "A11"]
[WhiteElo "2523"]
[BlackElo "2271"]
[Annotator "TA"]
[PlyCount "236"]
[EventDate "2024.03.12"]
[EventCountry "ISL"]
[SourceTitle "playchess.com"]
[Source "ChessBase"]
[SourceQuality "1"]
[TimeControl "40/5400+30:1800+30"]

1. Nf3 d5 2. g3 Bf5 3. Bg2 e6 4. O-O Nf6 5. c4 c6 6. Qb3 Qb6 7. d3 {[%emt 0:00:05] A11: Reti-Eröffnung.} h6 8. cxd5 exd5 9. Qc2 Qc5 10. Qc3 $146 ({Predecessor:} 10. Qa4 Qb4 11. Qd1 Be7 12. Nc3 O-O 13. a3 Qa5 14. Bf4 Bh7 15. b4 Qd8 16. Nd4 {1-0 Sorensen,H (2449)-Jarocka,L (2225) Munich Pfingst op-A 1st 2023 (2)}) 10... Nbd7 11. Be3 Qxc3 12. bxc3 Bd6 13. a4 O-O 14. a5 a6 15. Nd4 Bh7 16. Bh3 Ne5 17. Nb3 Rfe8 18. Ra2 Re7 19. Bc5 Ne8 20. N1d2 g5 21. Rb1 g4 22. Bf1 Nd7 23. Be3 h5 24. c4 Nef6 25. Bg5 Kg7 26. cxd5 cxd5 27. Nd4 Nc5 28. Rc2 Ne6 29. Be3 Rd8 30. N2b3 Rdd7 31. Nxe6+ fxe6 32. Bb6 e5 33. Nc5 Bxc5 34. Bxc5 Re6 35. Rcb2 Rc6 36. Ba7 e4 37. Rxb7 exd3 38. exd3 Bf5 39. Bd4 Kf7 40. R7b6 Rdc7 41. Rxc6 Rxc6 42. Rb6 Rxb6 43. Bxb6 Ne8 44. d4 Bc8 45. Bc5 Nf6 46. Bd6 Ne4 47. Bf4 Nc3 48. Kg2 Nb5 49. Be5 Na3 50. Bd3 Nc4 51. Bc7 Kf6 52. f3 Nd2 53. fxg4 hxg4 54. Bd8+ Kf7 55. Be2 Ne4 56. Bb6 Kf6 57. Bd3 Kf7 58. Kf1 Nd2+ 59. Ke2 Nc4 60. Bc7 Ke7 61. Bb6 Kd6 62. Bc5+ Kc6 63. Bb4 Kb5 64. Be1 Ka4 65. Bg6 Bd7 66. Bf7 Nxa5 67. Bxd5 Nc6 68. Ke3 Nb4 69. Be4 a5 70. d5 Kb3 71. d6 Kc4 72. Kf4 a4 73. Bf5 a3 74. Bxd7 Nd5+ 75. Kg5 a2 76. Bb5+ Kxb5 77. d7 (77. Kxg4 a1=Q (77... a1=B 78. Kf5 $16) 78. Bf2 Qd1+ 79. Kh4 Nf6 80. Kg5 Ne4+ (80... Qxd6 81. Kf5 Nd7 $19)) 77... a1=Q 78. d8=Q (78. d8=B Qxe1 79. Kf5 Ne3+ 80. Kf4 Qe2 81. Ke5 Nc4+ (81... Qxh2 82. Kf4 Qf2+ 83. Ke5 Qxg3+ 84. Ke6 Qf3 85. Bg5 g3 86. Bh4 g2 87. Bf2 Qxf2 88. Kd6 Qf6+ 89. Kd7 Qf7+ 90. Kd8 g1=Q 91. Kc8 Qgg8#) 82. Kf5 Qf3+ (82... Qxh2 $2 83. Bh4 $19) 83. Kg5 Ne3 84. Bc7 Qf5+ 85. Kh6 Qf6+ 86. Kh5 Qf7+ 87. Kg5 Qxc7 88. Kh6 Qc6+ (88... Qa5 89. Kg5 Qb6 90. h4 gxh3 91. Kf4 h2 92. g4 h1=Q 93. Ke5 Qf3 94. g5 Ng4#) 89. Kg5 Qd6 90. Kh5 Qf6 91. h4 gxh3 92. g4 h2 93. g5 h1=Q#) 78... Qg7+ 79. Kf5 Kc4 80. Qc8+ (80. Bd2 $1 $14) 80... Kb3 $2 (80... Kd4 $1 $11 81. Bf2+ Ne3+ 82. Bxe3+ Kxe3) 81. Qe6 Qd4 82. Kg5 Kc2 (82... Ka3 {war einen Versuch wert.} 83. Qa6+ (83. Qxg4 Qf6+ 84. Kh5 Qh8+ 85. Kg5 Qf6+ 86. Kh5 Qh8+ 87. Kg5 Qf6+ $11) 83... Kb3) 83. Bf2 (83. Qxg4 Qf6+ 84. Kh5 Qh8+ 85. Kg5 Qd8+ 86. Kh6 Qh8+ 87. Kg5 Qf6+ 88. Kh5 Qh8+ 89. Kg5 $11) 83... Qg7+ $2 (83... Qxf2 84. Qxd5 Kb2 85. Qe5+ (85. Kxg4 Qxh2 86. Qe5+ Kc2 $16) 85... Ka3 86. Qd6+ (86. Kxg4 Qxh2 87. Qd6+ Kb2 $14) 86... Kb3 87. Qe6+ (87. Kxg4 Qxh2 88. Qd5+ Kb4 $14) 87... Ka3) 84. Kh4 (84. Qg6+ Qxg6+ 85. Kxg6 Kd1 $11) 84... Nf6 85. Qe2+ Kc3 86. Qe3+ Kc2 87. Qe2+ (87. Qc5+ $142 $1 Kd1 88. Qd4+ Ke2 89. Be3 (89. Qe3+ Kf1 $11)) 87... Kc3 $18 88. Be3 $1 Qg6 89. Qd2+ Kb3 90. Qd1+ Kc4 {[%emt 0:00:45] [#]} 91. Qd4+ $1 Kb3 92. Qd1+ $2 (92. Qe5 $18) 92... Kc4 $11 93. Qd4+ $2 (93. Qa4+ $11 Kd5 94. Qb5+ Ke6 95. Qc6+ Kf7 96. Qb7+ Kg8 97. Qb8+ Kf7 98. Qc7+ Kg8 99. Qc8+ Kf7 100. Qc7+ Kg8 101. Qe5) 93... Kb3 $18 94. Qe5 Kc4 95. Qg5 Qf7 96. Qf5 Qg7 97. Qg5 Qf7 $1 98. Qh6 Kd3 99. Bg5 Ne4 100. Qa6+ (100. Kxg4 Ke2 $14) 100... Kd4 101. Qa1+ (101. Kxg4 Nf2+ 102. Kh4 Qh7+ 103. Qh6 Qe4+ 104. Bf4 Qe7+ 105. Kh5 Qe2+ 106. Kg6 Qe4+ 107. Kg7 Qb7+ 108. Kh8 Qc8+ 109. Kh7 Ke4 $14) 101... Nc3 102. Qg1+ (102. Kxg4 Qd7+ 103. Kh5 Qf7+ 104. Kh6 Qf8+ 105. Kh5 Qf7+ 106. Kh6 Qf8+ 107. Kh5 Qf7+ $11) 102... Kc4 103. Qe3 ({Und nicht} 103. Kxg4 Qe6+ 104. Kh5 Qe8+ 105. Kh6 Qh8+ 106. Kg6 Qg8+ 107. Kf5 Qc8+ 108. Kg6 Qg8+ 109. Kh6 Qh8+ 110. Kg6 Qg8+ $11) 103... Qh7+ {[%emt 0:00:25] [#]} 104. Bh6 $1 Nd5 $2 (104... Ne4 105. Kxg4 Qd7+ 106. Kf3 Nc3) 105. Qe6 $18 Kc5 106. Kxg4 Qd3 107. Bf8+ Kd4 108. Bg7+ Kc5 109. Qc8+ Kd6 110. Bf8+ Ke5 111. Bg7+ Kd6 112. Qf8+ Ke6 113. Qg8+ Ke7 114. Bf8+ Kf6 115. Bg7+ $2 (115. Qg7+ $18 Ke6 116. Qg8+ Kf6 117. Kh4) 115... Ke7 $11 116. Qf8+ $2 (116. Ba1 $11 Qe2+ 117. Kg5 Qd2+ 118. Kg6 Qc2+ 119. Kg5 Qxh2 120. Bf6+ (120. Qxd5 Qxg3+ 121. Kh5 Qh2+ 122. Kg4 Qe2+ 123. Qf3 Qxf3+ 124. Kxf3 $11) 120... Kd6 (120... Nxf6 121. Qg7+ Kd6 122. Qxf6+ Kc5 123. Qf4 $11) 121. Qf8+ Kc6 122. Be5 Qd2+ 123. Kg6) 116... Ke6 $18 117. Qc8+ $2 (117. h4 $18) 117... Kf7 $11 118. Qf8+ $2 (118. Bf8 $11) 118... Ke6 1/2-1/2

[Event "Reykjavik Open 2024"]
[Site "Reykjavik"]
[Date "2024.03.16"]
[Round "3.37"]
[White "Bisby, Daniel L"]
[Black "Prraneeth Vuppala"]
[Result "1-0"]
[ECO "B50"]
[WhiteElo "2273"]
[BlackElo "2506"]
[Annotator "TA"]
[PlyCount "137"]
[EventDate "2024.03.12"]
[EventCountry "ISL"]
[SourceTitle "playchess.com"]
[Source "ChessBase"]
[SourceQuality "1"]
[TimeControl "40/5400+30:1800+30"]

1. e4 c5 2. Nf3 d6 3. c3 Nf6 4. Be2 g6 5. O-O Bg7 6. d3 O-O 7. Nbd2 {[%emt 0:00:27] 7.Be3 ist die moderne Fortsetzung.} Nc6 8. Re1 e5 {[%emt 0:03:40] B50: Sizilianisch (Verschiedenes mit 2...d6).} 9. a3 a6 10. Bf1 $146 ({Predecessor:} 10. b4 b6 11. Bf1 Re8 12. Bb2 h6 13. h3 Rb8 14. Rc1 Bb7 15. Qc2 b5 16. Qb1 {1-0 Cyborowski,L (2370)-Blehm,P (2420) POL-ch U18 Sopot 1997}) 10... b5 11. b4 Bb7 12. Nb3 Nd7 13. bxc5 dxc5 14. Bg5 Qc7 15. Qd2 Qd6 16. Bh6 Rfd8 17. Bxg7 Kxg7 18. Qe3 Rac8 19. h4 Re8 20. g3 Nd8 21. Bh3 Ne6 22. h5 Nb6 23. Rad1 Rc7 24. Nbd2 Na4 25. Bxe6 Qxe6 26. Rc1 Rec8 (26... Qh3 {hält die Spannung aufrecht.} 27. d4 Qxh5 28. Nxe5 Qh6) 27. Kg2 Qf6 ({Ein No Go ist} 27... gxh5 28. Rh1 Qh6 29. Qxh6+ (29. Nxe5 Qxe3 30. fxe3 f6 $17) 29... Kxh6 30. Nxe5 $14) 28. Rh1 ({Auf keinen Fall} 28. h6+ Kg8 $14) 28... Kg8 29. hxg6 fxg6 30. Rh6 Rd8 31. Rch1 Nb2 32. Qg5 Qxg5 33. Nxg5 Rdd7 34. Ne6 Nxd3 35. Nxc7 Rxc7 36. f3 c4 {[%emt 0:01:05] [#]} 37. Nf1 $1 a5 (37... Ne1+ $14 38. Kf2 Nd3+ 39. Ke3 Rd7) 38. Ne3 $16 b4 (38... Bc6 $16 {kämpft weiter.} 39. R6h2 h5) 39. axb4 $18 axb4 40. cxb4 c3 41. Nc2 Bc6 42. Ra1 Nb2 43. Rhh1 Ba4 {[%emt 0:10:46] [#]} 44. Ne3 $1 Kg7 $2 (44... c2 {ist zäher.} 45. Rxa4 Nxa4) 45. Nd5 $18 Rc4 46. b5 c2 47. Nb6 Rd4 $2 (47... Bxb5 48. Nxc4 Bxc4) 48. Nxa4 $18 Nxa4 49. Rhc1 Rd2+ 50. Kh3 Nc5 51. Ra2 Ne6 52. Raxc2 Rd3 53. Kg2 (53. Rb2 $142 {Und b6 würde nun gewinnen.} Rd7 54. b6) 53... Rb3 $18 54. Rc6 Nd4 55. Rc7+ Kf6 56. Rxh7 Rb2+ 57. Kh3 Rxb5 58. Kg4 Rb2 59. Rcc7 Rg2 60. Ra7 Rb2 61. Ra6+ Ne6 62. Rd7 Rb8 63. Rdd6 Re8 64. Rxe6+ Rxe6 65. Rxe6+ Kxe6 66. Kg5 Kf7 67. f4 exf4 68. gxf4 Kg7 69. e5 1-0

[Event "Reykjavik Open 2024"]
[Site "Reykjavik"]
[Date "2024.03.16"]
[Round "3.38"]
[White "Karamsetty, Jeevan"]
[Black "Botez, Alexandra"]
[Result "1-0"]
[ECO "C00"]
[WhiteElo "2187"]
[BlackElo "1986"]
[Annotator "RC"]
[PlyCount "69"]
[EventDate "2024.03.12"]
[EventCountry "ISL"]
[SourceTitle "playchess.com"]
[Source "ChessBase"]
[SourceQuality "1"]
[TimeControl "40/5400+30:1800+30"]

1. e4 e6 2. d3 d5 3. Nd2 Nf6 4. Ngf3 Be7 5. c3 c5 6. g3 Nc6 7. Bg2 Qc7 8. O-O b5 9. Re1 O-O 10. exd5 exd5 11. Nf1 h6 12. d4 Bg4 13. Ne3 Bxf3 14. Qxf3 Rfd8 15. Nf5 cxd4 16. Bxh6 Bf8 17. Bg5 Ne4 18. Bxd8 Rxd8 19. Nxd4 Bc5 20. Qd3 Bxd4 21. cxd4 Nf6 22. Rac1 Qb6 23. Rc5 a6 24. Rec1 Rd6 25. a3 g6 26. b4 Kg7 27. h3 Nd8 28. g4 Ne6 29. Qe3 Qb7 30. Qe5 Nxc5 31. Qxd6 Ne6 32. Qe5 g5 33. h4 Kg6 34. Qf5+ Kg7 35. hxg5 1-0

[Event "Reykjavik Open 2024"]
[Site "Reykjavik"]
[Date "2024.03.16"]
[Round "3.39"]
[White "Botez, Andrea"]
[Black "Clare, Philip"]
[Result "1-0"]
[ECO "B08"]
[WhiteElo "1825"]
[BlackElo "1607"]
[Annotator "NA RC"]
[PlyCount "49"]
[EventDate "2024.03.12"]
[EventCountry "ISL"]
[SourceTitle "playchess.com"]
[Source "ChessBase"]
[SourceQuality "1"]
[TimeControl "40/5400+30:1800+30"]

1. d4 Nf6 2. Nc3 g6 3. e4 d6 4. Be3 Bg7 5. Qd2 O-O 6. O-O-O Nbd7 7. Bh6 e5 8. Bxg7 Kxg7 9. dxe5 Nxe5 10. f4 Nc6 11. Nf3 Bd7 12. e5 Ne8 13. exd6 Nxd6 14. h3 a5 15. g4 f5 16. Nb5 Rf6 17. g5 Re6 18. Qc3+ Kg8 19. Nxd6 cxd6 20. Bc4 Nb4 21. Rxd6 Qe7 22. Rhd1 Bb5 23. Rxe6 Bxc4 24. Qxc4 b5 25. Rxg6+ 1-0

[Event "Reykjavik Open 2024"]
[Site "Reykjavik"]
[Date "2024.03.16"]
[Round "3.40"]
[White "Saine, Zachary"]
[Black "Briem, Gudrun Fanney"]
[Result "1-0"]
[ECO "B12"]
[WhiteElo "2010"]
[BlackElo "1806"]
[Annotator "RC"]
[PlyCount "123"]
[EventDate "2024.03.12"]
[EventCountry "ISL"]
[SourceTitle "playchess.com"]
[Source "ChessBase"]
[SourceQuality "1"]
[TimeControl "40/5400+30:1800+30"]

1. e4 c6 2. d4 d5 3. e5 Bf5 4. Ne2 e6 5. Ng3 Bg6 6. h4 h5 7. Bd3 Bxd3 8. cxd3 g6 9. Nd2 Qb6 10. Nf3 Bh6 11. O-O Nd7 12. Be3 Kf8 13. Qa4 Kg7 14. Qa3 Re8 15. Qd6 Nb8 16. a4 Na6 17. b4 Rd8 18. a5 Qc7 19. Qxc7 Nxc7 20. Nd2 Ne7 21. Nb3 a6 22. Nc5 Rb8 23. Kh2 Rhd8 24. Rfc1 Nf5 25. Nxf5+ exf5 26. Bg5 Bxg5 27. hxg5 Ne6 28. Nxe6+ fxe6 29. Kg3 Ra8 30. Kf4 Rf8 31. f3 Rf7 32. g3 Rff8 33. Ke3 Rh8 34. b5 axb5 35. a6 Rxa6 36. Rxa6 bxa6 37. Rxc6 Ra8 38. Rxe6 b4 39. Rb6 a5 40. Rb7+ Kf8 41. Kd2 a4 42. Rxb4 a3 43. Rb1 a2 44. Ra1 Ke7 45. f4 Ra3 46. Kc2 Ra4 47. Kb3 Rxd4 48. Rxa2 Rxd3+ 49. Kb4 Rxg3 50. Ra7+ Ke6 51. Ra6+ Kf7 52. Kc5 h4 53. Kd6 Re3 54. Ra7+ Kf8 55. Ke6 h3 56. Kf6 Kg8 57. Kxg6 Kf8 58. Kf6 Ke8 59. e6 Kd8 60. e7+ Ke8 61. Ra8+ Kd7 62. Rd8+ 1-0